 Dungeon Crawl Stone Soup version 0.30-b1-2-g02819fbbbe (webtiles) character file.

Game seed: 14685223995313626493

8 Alarkh the Charlatan (level 2, 22/22 HPs)
             Began as a Demonspawn Artificer on Nov 22, 2023.
             Got out of the dungeon alive.
             The game lasted 00:00:28 (851 turns).

Alarkh the Charlatan (Demonspawn Artificer)          Turns: 851, Time: 00:00:28

Health: 22/22      AC:  4    Str: 12    XL:     2   Next: 0%
Magic:  2/2        EV: 11    Int: 18    God:
Gold:   54         SH:  4    Dex: 13    Spells: 1/1 levels left

rFire   . . .        a - +0 short sword
rCold   . . .        (no shield)
rNeg    . . .        b - +0 leather armour
rPois   .            (no helmet)
rElec   .            (no cloak)
rCorr   .            g - +0 pair of gloves
SInv    .            (no boots)
Will    .....        (no amulet)
Stlth   +            l - +6 ring of intelligence
HPRegen 0.23/turn    (no ring)
MPRegen 0.08/turn

%: no passive effects
@: no status effects
A: large bone plates 1
a: no special abilities


You escaped.
You visited 1 branch of the dungeon, and saw 2 of its levels.

You collected 54 gold pieces.

Inventory:

Hand Weapons
 a - a +0 short sword (weapon)
Armour
 b - a +0 leather armour (worn)
 g - a +0 pair of gloves (worn)
Jewellery
 l - a +6 ring of intelligence (left hand)
Wands
 c - a wand of flame (15) (quivered)
 d - a wand of charming (15)
 e - a wand of iceblast (5)
Scrolls
 f - a scroll of identify {unknown}
 i - a scroll of silence {unknown}
 j - a scroll of fear {unknown}
 m - a scroll of poison {unknown}
Potions
 h - a potion of heal wounds {unknown}
 k - a potion of curing {unknown}
 n - a potion of flight {unknown}


   Skills:
 + Level 2.1 Fighting
 - Level 1.7 Armour
 - Level 0.8 Dodging
 - Level 0.8 Stealth
 - Level 3.0 Evocations


You had one spell level left.
You didn't know any spells.
Your spell library was empty.

Dungeon Overview and Level Annotations

Branches:
Dungeon (2/15)

Altars:


Innate Abilities, Weirdness & Mutations

You are partially covered in large bone plates. (SH +4)


Message History

Done exploring.
(D) Dungeon
Where to? (? - help)
There is a stone staircase leading down here.
You climb downwards.
Found 9 gold pieces.
There is a stone staircase leading up here.
Found a cloak.
A goblin comes into view. It is wielding a +0 club.
A goblin is nearby!
Found 2 puce potions.
A frilled lizard comes into view.
The frilled lizard hisses angrily.
Found a stone staircase leading up.
The goblin shouts!
You barely miss the goblin. The goblin completely misses you.
You closely miss the goblin. The goblin barely misses you.
You hit the goblin.
The goblin is heavily wounded.
The goblin hits you with a +0 club.
You barely miss the goblin.
The goblin is heavily wounded.
The goblin barely misses you.
You hit the goblin.
You kill the goblin!
Your Fighting skill increases to level 2!
You hit the frilled lizard.
You kill the frilled lizard!
You have reached level 2!
Your demonic ancestry asserts itself...
Large bone plates grow over parts of your arms.
HP restored.
There is a stone staircase leading up here.
You climb upwards.
There is a stone staircase leading down here.
You see here a +2 pair of gloves.
There is an open door here.
There is a staircase leading out of the dungeon here.
Are you sure you want to leave the Dungeon?
This will make you lose the game!
You have escaped!

##### ######.@.######
###.............###
####.................####
#..'.................'..#
#.##.................##.#
#.####.............####.#
#.# ###.........### #.#
####.#### ###.....### #.#
#..†....###.........###
#.#


There were no monsters in sight!

Vanquished Creatures
  2 goblins
  3 jackals (D:1)
  A ball python (D:1)
  A frilled lizard (D:2)
7 creatures vanquished.

Notes
Turn   | Place    | Note
-------+----------+-------------------------------------------
     0 | D:1      | Alarkh the Demonspawn Artificer began the quest for the
                  | Orb.
     0 | D:1      | Reached XP level 1. HP: 15/15 MP: 1/1
   240 | D:1      | Found a faded altar of an unknown god.
   771 | D:2      | Gained mutation: You are partially covered in large bone
                  | plates. (SH +4) [demonic ancestry]
   771 | D:2      | Reached XP level 2. HP: 21/22 MP: 2/2
   851 | D:$      | Got out of the dungeon alive.

Illustrated notes

Levels and vault maps discovered:
D:1:      nzn_arrival_depleted_hourglass, layout_loops_ring,
          shapermc_ecumenical_altar_notcrosses
D:2:      cheibrodos_old_hovel, layout_loops_cross, basic_altar

Skill      XL: |  1 |
---------------+----+-----
Fighting       | 2 |  2.1
Armour         | |  1.7
Dodging        | |  0.8
Stealth        | |  0.8
Evocations     | |  3.0

Action                     || total
---------------------------++-------
  Melee: Short sword       ||    23
         Club              ||     4
         Punch             ||     1
 Armour: Leather armour    ||     7
  Dodge: Dodged            ||    19
